 Dungeon Crawl Stone Soup version 0.17-a0-1011-gfa70bdd (webtiles) character file.

8337 oplop the Reanimator (level 11, -5/97 HPs)
             Began as a Deep Dwarf Necromancer on May 13, 2015.
             Was the Champion of Makhleb.
             Slain by a hill giant
             ... wielding a +0 giant club
              (31 damage)
             ... on level 10 of the Dungeon.
             The game lasted 00:34:43 (10068 turns).

oplop the Reanimator (Deep Dwarf Necromancer)      Turns: 10068, Time: 00:34:43

Health: -5/97      AC: 13    Str: 17    XL:     11   Next: 8%
Magic:  23/29      EV: 15    Int: 22    God:    Makhleb [******]
Gold:   649        SH:  0    Dex: 15    Spells: 5 memorised, 11 levels left

rFire  + . .     SeeInvis .     a - +0 morningstar (holy)
rCold  + . .     Clarity  +     E - +1 leather armour of Imperfection {rF++}
rNeg   . . .     SustAb   +     (no shield)
rPois  .         Gourm    .     (no helmet)
rElec  .         Spirit   .     M - +3 cloak of Grottiness {rCorr Str+4 Dex+2 Stlth+}
rCorr  +         Warding  .     h - +1 pair of gloves
rMut   .         Stasis   .     C - +2 pair of boots
MR     +....                    F - amulet of faith
Stlth  +++.......               W - ring of sustain abilities
                                P - ring "Zuomo" {+cTele rF- rC+ MP+9 Int+4}

@: non-regenerating, somewhat resistant to hostile enchantments, fairly stealthy
A: damage resistance, recharge devices, clarity, deterioration 1, sense
surroundings 2, slow healing 3, spit poison 1, subdued magic 1
a: Device Recharging, Spit Poison, Minor Destruction, Lesser Servant of Makhleb,
Major Destruction, Greater Servant of Makhleb, Renounce Religion, Evoke Teleport
Control


You were on level 10 of the Dungeon.
You worshipped Makhleb.
Makhleb was exalted by your worship.
You were hungry.

You visited 2 branches of the dungeon, and saw 11 of its levels.

You collected 649 gold pieces.

Inventory:

Hand weapons
 a - a +0 morningstar of holy wrath (weapon)
 R - a +3 battleaxe of freezing
Missiles
 r - 8 poisoned tomahawks (quivered)
Armour
 h - a +1 pair of gloves (worn)
 C - a +2 pair of boots (worn)
 E - the +1 leather armour of Imperfection (worn) {rF++}
   (You found it on level 5 of the Dungeon)

   It greatly protects you from fire.
 M - the +3 cloak of Grottiness (worn) {rCorr Str+4 Dex+2 Stlth+}
   (You found it on level 6 of the Dungeon)

   It affects your strength (+4).
   It affects your dexterity (+2).
   It protects you from acid and corrosion.
   It makes you more stealthy.
Magical staves
 b - an uncursed staff of death
Jewellery
 x - an uncursed amulet of guardian spirit
 F - an amulet of faith (around neck)
 K - an uncursed amulet of stasis
 P - the ring "Zuomo" (left hand) {+cTele rF- rC+ MP+9 Int+4}
   (You took it off a gnoll sergeant on level 6 of the Dungeon)

   [ring of teleport control]

   It can be evoked for teleport control.
   It affects your intelligence (+4).
   It makes you vulnerable to fire.
   It protects you from cold.
   It affects your magic capacity (+9).
 W - a ring of sustain abilities (right hand)
 X - an uncursed ring of protection from fire
Magical devices
 c - a wand of heal wounds (8)
 t - a wand of flame (26)
 N - a wand of digging (19)
Scrolls
 e - a scroll of fear {unknown}
 j - 2 scrolls of blinking
 k - 6 scrolls of remove curse
 n - a scroll of teleportation
 s - 3 scrolls of recharging
 v - 2 scrolls of enchant armour
 y - 2 scrolls of amnesia
 U - a scroll of identify
 Y - a scroll of magic mapping
Potions
 i - 6 potions of curing
 m - 2 potions of cancellation
 o - 2 potions of might
 p - 3 potions of brilliance
 q - 2 potions of resistance
 w - 3 potions of heal wounds {unknown}
 z - 2 potions of invisibility {unknown}
 A - a potion of flight {unknown}
 H - a potion of poison {unknown}
 O - a potion of berserk rage {unknown}
 Z - a potion of magic {unknown}
Books
 B - a book of Battle

   Spells                             Type                      Level
   a - Infusion                       Charms                       1
   b - Shroud of Golubria             Charms/Translocation         2
   c - Song of Slaying                Charms                       2
   d - Spectral Weapon                Hexes/Charms                 3
   e - Regeneration                   Charms/Necromancy            3
 D - a book of Necromancy

   Spells                             Type                      Level
   a - Pain                           Necromancy                   1
   b - Animate Skeleton               Necromancy                   1
   c - Vampiric Draining              Necromancy                   3
   d - Regeneration                   Charms/Necromancy            3
   e - Animate Dead                   Necromancy                   4
   f - Control Undead                 Necromancy                   4
 G - a book of Conjurations

   Spells                             Type                      Level
   a - Magic Dart                     Conjuration                  1
   b - Searing Ray                    Conjuration                  2
   c - Dazzling Spray                 Conjuration/Hexes            3
   d - Fulminant Prism                Conjuration/Hexes            4
   e - Iskenderun's Mystic Blast      Conjuration                  4
   f - Iskenderun's Battlesphere      Conjuration/Charms           5
 I - An Introduction to Thaumaturgy
   (You found it on level 5 of the Dungeon)

   Spells                             Type                      Level
   a - Magic Dart                     Conjuration                  1
   b - Corona                         Hexes                        1
   c - Animate Skeleton               Necromancy                   1
   d - Summon Butterflies             Summoning                    1
   e - Beastly Appendage              Transmutation                1
 S - a book of the Warp

   Spells                             Type                      Level
   a - Recall                         Summoning/Translocation      3
   b - Gell's Gravitas                Hexes/Translocation          3
   c - Control Teleport               Charms/Translocation         4
   d - Force Lance                    Conjuration/Translocation    4
   e - Phase Shift                    Translocation                5
   f - Warp Weapon                    Charms/Translocation         5
   g - Summon Forest                  Summoning/Translocation      5
Comestibles
 d - 8 bread rations
 f - 3 chunks of flesh
 g - 6 meat rations
 J - 3 royal jellies
 T - 2 beef jerkies


   Skills:
 - Level 5.9 Fighting
 + Level 6.4(7.5) Axes
 - Level 5.4(6.6) Maces & Flails
 + Level 2.5 Armour
 - Level 5.5 Dodging
 - Level 2.4 Stealth
 - Level 7.2 Spellcasting
 + Level 10.7 Necromancy
 + Level 3.0 Invocations


You had 11 spell levels left.
You knew the following spells:

 Your Spells              Type           Power        Failure   Level  Hunger
a - Pain                  Necr           ####         0%          1    None
b - Vampiric Draining     Necr           #####.....   1%          3    None
c - Animate Skeleton      Necr           N/A          0%          1    None
d - Animate Dead          Necr           N/A          1%          4    ###....
e - Control Undead        Necr           #####.....   1%          4    ###....


Dungeon Overview and Level Annotations

Branches:
Dungeon (10/15)            Temple (1/1) D:4
   Lair: D:8-11         Orc: D:9-12

Altars:
Ashenzari
Cheibriados
Dithmenos
Elyvilon
Fedhas
Gozag
Kikubaaqudgha
Makhleb
Nemelex Xobeh
Okawaru
Qazlal
Ru
Sif Muna
Trog
Vehumet
Xom
Yredelemnul
Zin
The Shining One
Beogh

Annotations:
D:10 Harold


Innate Abilities, Weirdness & Mutations

You are resistant to damage.
You can recharge devices by infusing magical energy.
You passively map the area around you.
You do not heal naturally.
You possess an exceptional clarity of mind.
Your body sometimes deteriorates upon taking damage.
You can spit weak poison.
Your spells are a little easier to cast, but a little less powerful.


Message History

The hill giant hits your hill giant zombie with a giant club!
Your hill giant zombie hits the hill giant with a giant club!!
The hill giant hits your hill giant zombie with a giant club.
Your hill giant zombie is destroyed!
The hill giant shouts!
The hill giant barely misses your orc zombie.
Your orc zombie hits the hill giant with a dire flail of protection.
The hill giant hits your orc zombie with a giant club.
Your orc zombie hits the hill giant with a dire flail of protection.
The hill giant hits your orc zombie with a giant club!
Your orc zombie is destroyed!
Casting: Animate Dead
Confirm with . or Enter, or press ? or * to list all spells.
Aiming: Vampiric Draining
Press: ? - help, Shift-Dir - straight line, f/p - hill giant
Aim: a hill giant, wielding a giant club (almost dead)
The hill giant is almost dead.
You feel life coursing into your body.
The hill giant hits you with a giant club!!
You die...

#.........# #.#.#.#. #.........#
#.#.#.#. #.........#
######.#.#.## #.........#####
#............ #.............#
#......#.#.## #.............##
########.#.#. ,..............'
,...........[[
*.#.##........###########.....##
.. .........C@....# #.#..... *,
,###############.# #.#.####
#.*.# ########'#####.#.#...
,#.#.# #...........##.#.#.##
#.#'#### #...........##.#.#, #
#......#####...........##.#.# #
#......'...............##@#.#,*#
#......#####...........##.#.#,*#
,#......# #...........##.#.# #


You could see a hill giant.

Vanquished Creatures
  The ghost of RobertPalmer the Transmogrifier, an experienced OpTm of Makhleb (D:9)
  An unseen horror (D:10)
  Psyche (D:10)
  A troll (D:10)
  A trapdoor spider zombie (D:10)
  A wyvern (D:10)
  A hippogriff (D:9)
  6 yaks (D:9)
  Menkaure (D:5)
  A hungry ghost (D:8)
  6 orc warriors
  An ice beast (D:9)
  4 sky beasts
  7 ogres
  2 big kobolds
  3 centaurs (D:7)
  3 gnoll sergeants
  A giant frog (D:9)
  4 scorpions
  5 killer bees (D:10)
  8 wights
  3 crimson imps
  2 gnoll shamans
  8 orc priests
  A centaur skeleton (D:7)
  A centaur zombie (D:9)
  4 iguanas
  3 jellies
  Crazy Yiuf (D:7)
  3 hounds
  11 orc wizards
  5 worker ants
  2 hound zombies
  2 hound skeletons
  A worker ant zombie (D:10)
  8 adders
  24 gnolls
  2 shadow imps
  An adder skeleton (D:8)
  3 worms
  53 orcs
  14 bats
  5 giant cockroaches
  7 goblins
  22 hobgoblins
  5 jackals
  15 kobolds
  A ball python (D:2)
  8 giant geckos
  A giant gecko zombie (D:5)
  7 giant newts
  A jackal skeleton (D:4)
  A quokka skeleton (D:5)
  A quokka zombie (D:3)
  13 rats
298 creatures vanquished.

Vanquished Creatures (collateral kills)
  A hill giant (D:10)
  A hungry ghost (D:10)
  A centaur (D:10)
  5 wights
  A crimson imp (D:6)
  A hound (D:10)
  An orc priest (D:10)
  4 gnolls
  A shadow imp (D:9)
  A worm (D:2)
  2 orcs (D:6)
  A jackal (D:6)
  A jackal zombie (D:8)
21 creatures vanquished.

Vanquished Creatures (others)
  An orc wizard (D:10)
  An orc (D:6)
2 creatures vanquished.

Grand Total: 321 creatures vanquished

Notes
Turn   | Place    | Note
--------------------------------------------------------------
     0 | D:1      | oplop the Deep Dwarf Necromancer began the quest for the Orb.
     0 | D:1      | Reached XP level 1. HP: 15/15 MP: 3/3
   258 | D:1      | Reached XP level 2. HP: 22/22 MP: 1/4
   750 | D:2      | Reached skill level 5 in Necromancy
   909 | D:2      | Reached XP level 3. HP: 22/30 MP: 6/6
  1040 | D:2      | Reached skill level 1 in Fighting
  1244 | D:2      | Reached XP level 4. HP: 25/38 MP: 0/7
  1249 | D:2      | Learned a level 3 spell: Vampiric Draining
  1251 | D:2      | Learned a level 1 spell: Animate Skeleton
  1885 | D:2      | HP: 1/39 [orc priest/morningstar (5)]
  1895 | D:2      | Reached XP level 5. HP: 9/45 MP: 0/9
  2524 | D:3      | Reached skill level 1 in Maces & Flails
  2708 | D:4      | Noticed an ogre
  2714 | D:4      | Killed an ogre
  2714 | D:4      | Reached XP level 6. HP: 43/55 MP: 2/10
  2837 | D:4      | Found a staircase to the Ecumenical Temple.
  2904 | Temple   | Entered the Ecumenical Temple
  3033 | D:4      | Reached skill level 6 in Necromancy
  3357 | D:4      | Found a snail-covered altar of Cheibriados.
  3473 | D:5      | Entered Level 5 of the Dungeon
  3478 | D:5      | Noticed Menkaure
  3489 | D:4      | Learned a level 4 spell: Animate Dead
  3954 | D:5      | Reached XP level 7. HP: 17/62 MP: 1/12
  4074 | D:5      | Identified An Introduction to Thaumaturgy
  4133 | D:5      | Killed Menkaure
  4249 | D:5      | Found a burning altar of Makhleb.
  4274 | D:5      | Became a worshipper of Makhleb the Destroyer
  4401 | D:5      | Got an encrusted leather armour
  4593 | D:6      | Found a runed door.
  4772 | D:6      | Acquired Makhleb's first power
  4823 | D:5      | Reached skill level 7 in Necromancy
  4914 | D:6      | Reached XP level 8. HP: 29/72 MP: 5/13
  4925 | D:5      | Learned a level 4 spell: Control Undead
  5281 | D:6      | Acquired Makhleb's second power
  5326 | D:6      | Got a twitching copper ring
  5445 | D:6      | Identified the cursed +1 leather armour of Imperfection {rF++} (You found it on level 5 of the Dungeon)
  5455 | D:6      | Got a polished cloak
  5466 | D:6      | Identified the +3 cloak of Grottiness {rCorr Str+4 Dex+2 Stlth+} (You found it on level 6 of the Dungeon)
  5698 | D:6      | Acquired Makhleb's third power
  5731 | D:6      | Found a roughly hewn altar of Beogh.
  5982 | D:7      | Reached skill level 5 in Spellcasting
  5982 | D:7      | Reached skill level 8 in Necromancy
  5982 | D:7      | Reached skill level 5 in Maces & Flails
  5982 | D:7      | Acquired Makhleb's fourth power
  6035 | D:7      | Found a sacrificial altar of Ru.
  6043 | D:7      | Reached skill level 5 in Fighting
  6057 | D:7      | Identified the ring "Zuomo" {+cTele rF- rC+ MP+9 Int+4} (You took it off a gnoll sergeant on level 6 of the Dungeon)
  6096 | D:7      | Noticed Crazy Yiuf
  6102 | D:7      | Killed Crazy Yiuf
  6207 | D:7      | Got a crystal falchion
  6208 | D:7      | Identified the +6 falchion of Genoc {slice, rN+} (You found it on level 7 of the Dungeon)
  6229 | D:7      | Found a shadowy altar of Dithmenos.
  6235 | D:7      | Gained mutation: You passively map the area around you. [Deep Dwarf growth]
  6235 | D:7      | Reached XP level 9. HP: 70/81 MP: 15/15
  6352 | D:7      | Reached skill level 1 in Axes
  6570 | D:7      | Acquired Makhleb's fifth power
  7008 | D:7      | Reached skill level 9 in Necromancy
  7288 | D:8      | Found a sparkling altar of Nemelex Xobeh.
  7610 | D:8      | Found a bloodstained altar of Trog.
  8009 | D:9      | Reached XP level 10. HP: 89/91 MP: 18/18
  8062 | D:9      | Gained mutation: You can spit weak poison. [mutagenic meat]
  8063 | D:9      | Gained mutation: You possess an exceptional clarity of mind. [mutagenic meat]
  8064 | D:9      | Gained mutation: Your body sometimes deteriorates upon taking damage. [mutagenic meat]
  8065 | D:9      | Gained mutation: Your spells are a little easier to cast, but a little less powerful. [mutagenic meat]
  8332 | D:9      | Found a glowing silver altar of Zin.
  8332 | D:9      | Found a shimmering altar of Xom.
  8333 | D:9      | Noticed an angel
  8478 | D:9      | Found a radiant altar of Vehumet.
  8614 | D:9      | Noticed RobertPalmer's ghost (experienced OpTm)
  8728 | D:9      | Killed RobertPalmer's ghost
  8728 | D:9      | Reached skill level 5 in Axes
  8728 | D:9      | Reached skill level 10 in Necromancy
  8843 | D:10     | Entered Level 10 of the Dungeon
  8977 | D:10     | Reached skill level 5 in Dodging
  9105 | D:10     | Noticed Harold
  9235 | D:10     | Killed an unseen horror
  9390 | D:10     | Noticed a hill giant
  9734 | D:10     | Reached skill level 1 in Invocations
  9737 | D:10     | Reached skill level 1 in Armour
  9831 | D:10     | Found a white marble altar of Elyvilon.
 10002 | D:10     | Noticed Psyche
 10012 | D:10     | Killed Psyche
 10012 | D:10     | Reached XP level 11. HP: 92/97 MP: 18/20
 10034 | D:10     | Noticed a hill giant
 10041 | D:10     | Killed a hill giant
 10068 | D:10     | Slain by a hill giant

Vault maps used:
D:1:      minmay_arrival_radiant_lines
D:2:      minmay_door_path
D:3:      grunt_ministairs_11, kennysheep_decorative_pillar
D:4:      lemuel_doored_altar, temple_pool_b, first_bread
D:5:      makhleb_grotto_becter, uniq_menkaure
D:6:      minmay_misc_feat_chi, minmay_misc_feat_tiny, lightli_church_of_beogh
D:7:      kennysheep_housing_project, nicolae_dithmenos_the_darkroom,
          lemuel_round_altar, grunt_ogre_cave, uniq_crazy_yiuf_cottage
D:8:      nemelex_deck, old_standard_altar
D:9:      kennysheep_little_box, grunt_temple_overflow_order_and_chaos_1
D:10:     elyvilon_altar_1, uniq_psyche, uniq_grum, uniq_harold
Temple:   eino_wide_crystal_templ_10

Action                   |  1- 3 |  4- 6 |  7- 9 | 10-12 || total
-------------------------+-------+-------+-------+-------++-------
Melee: Dagger            |    26 |    38 |       |       ||    64
       Unarmed           |     7 |       |       |       ||     7
       Morningstar       |       |   105 |   373 |   243 ||   721
       Staff             |       |     7 |       |       ||     7
       Battleaxe         |       |       |    12 |       ||    12
 Cast: Pain              |    53 |    34 |    48 |    37 ||   172
       Vampiric Draining |       |    40 |    82 |    44 ||   166
       Animate Skeleton  |       |     1 |       |       ||     1
       Animate Dead      |       |       |    11 |    10 ||    21
       Control Undead    |       |       |     3 |     8 ||    11
 Abil: Device Recharging |       |       |     1 |       ||     1
       Spit Poison       |       |       |       |     1 ||     1
Evoke: Wand              |       |     4 |     1 |     1 ||     6
  Use: Potion            |       |       |     1 |       ||     1
       Scroll            |       |       |    17 |       ||    17
 Stab: Sleeping          |       |     6 |     5 |     7 ||    18
       Distracted        |       |       |     1 |     2 ||     3
       Betrayed ally     |       |       |     1 |       ||     1
  Eat: Chunk             |     1 |     7 |    17 |     6 ||    31
       Beef jerky        |       |     1 |     2 |     4 ||     7
       Meat ration       |       |     1 |       |       ||     1
       Fruit             |       |       |     1 |       ||     1
